cohdb
Replays
Latest Replays
All Replays
Popular Replays
Top Player Replays
Match Explorer
How It Works
Community
CoH3 Stats
Reddit
Sign in to upload your games and track your stats! →
Sign in with Steam
Match 37403021
Unlisted
Match 37403021
Overview
Messages
Build Orders
End
Vickers Machine Gun Team
Construct Section Command Post
Infantry Section
Infantry Section
Infantry Section
Selects Air and Sea Battlegroup
Selects Supply Surplus
Construct Resource Cache
Construct Resource Cache
Construct Resource Cache
Construct Platoon Command Post
Construct Company Command Post
Matilda II Heavy Tank
Unlock M3 Grant Medium Tanks
Selects Commando Section Paradrop
Selects M1 Pack Howitzer Paradrop
M3 Grant Medium Tank
Construct Field Infirmary
Armored Vehicle Training
Foot Guards Section
Forward Retreat Point
Selects Anti-tank Rocket Loiter
Anti-tank Rocket Loiter
M3 Grant Medium Tank
Infantry Training
Anti-tank Rocket Loiter
M3 Grant Medium Tank
Anti-tank Rocket Loiter
M3 Grant Medium Tank
Royal Engineer Section
Selects Centaur Medium Tank
Anti-tank Rocket Loiter
Selects Naval Bombardment
Naval Bombardment
M3 Grant Medium Tank
Anti-tank Rocket Loiter
arik010
NoCommentary
76561198070384079
绣春刀
月夜笑猫
BUGII
Gsacie
皮皮
0
0
Comments
sign in to comment!
No comments posted yet!